Frig, chaotic male human Ranger ------- --- ---..--.--------- --.------ --- |...C...........| |.......-- ---.-- ---)|.f@.....----.------..*---..--|....| |...|---.....---|...||...--- |...--...-- -.--- - |...|--.)--.--- --.....--- . ---.--|....)| ------- |...|------ ------- ---.--- ---.*.|..| |...|----........| -...|.....|.---..-- ..........---- |...| .).......-- ----- .........-- ...............-- .................-- -.<........*......| |..--.---...----..| ------ ----- --- Frig the Trailblazer Experience level: 7 Strength: 25 Dexterity: 12 Constitution: 14 Intelligence: 15 Wisdom: 13 Charisma: 7 Health: 0(40) Energy: 28(28) AC: 0 Gold: 504 Moves: 6678 Your Inventory: Coins $ - 504 gold pieces Weapons a - an uncursed +1 dagger (weapon in hand) b - a blessed +1 bow (alternate weapon; not wielded) c - 45 blessed +2 arrows d - 48 uncursed +0 arrows m - 10 [uncursed +0] darts x - 4 [blessed +0] arrows C - 14 [uncursed +0] darts of fire J - 6 [uncursed +0] runed arrows [elven] K - 4 [blessed +1] darts T - 9 [cursed -6] arrows V - 5 [cursed -3] darts Y - 10 [blessed +3] arrows Armor k - an [uncursed] +0 iron skull cap [orcish helm] (being worn) D - an [uncursed] +0 faded pall [elven cloak] (being worn) E - an [uncursed] +0 pair of gauntlets of power (being worn) F - an [uncursed] +0 pair of hard shoes [iron] (being worn) X - an [uncursed] +0 elven mithril-coat (being worn) Comestibles e - an [uncursed] partly eaten food ration f - 2 uncursed cram rations h - an [uncursed] tin of spinach q - 3 [uncursed] food rations Scrolls z - 2 uncursed scrolls of create monster N - an [uncursed] scroll of identify O - an [uncursed] scroll labeled ELBIB YLOH named not cursed [of light] Potions i - an [uncursed] pink potion [of object detection] n - an uncursed potion of booze named not cursed v - an [uncursed] clear potion [of water] y - an [uncursed] amber potion [of acid] L - an [uncursed] clear potion named not cursed [of water] R - an [uncursed] dark green potion named not cursed [of gain level] Rings w - an uncursed ring of teleport control named not cursed (on right hand) Wands t - an [uncursed] wand of magic missile [0:5] I - an [uncursed] wand of digging [0:4] Tools u - an [uncursed magic] whistle H - an [uncursed] looking glass [mirror] P - an [uncursed] lock pick S - an [uncursed +0] pick-axe U - an [uncursed] bag [oilskin sack] Z - an [uncursed] partly used [wax] candle (lit) Gems o - an [uncursed] gray stone [flint] W - an [uncursed] violet gem [worthless glass] Contents of the oilskin sack: an [uncursed] scroll of create monster Spells known in the end: Name Level Category Fail Memory Your skills at the end: Fighting Skills Weapon Skills dagger [Skilled / Expert] bow [Basic / Expert] Spellcasting Skills Final Attributes: You were piously aligned. Hunger level was 179. Your alignment was 42 / 43. Monster difficulty range was 1 - 8. Level difficulty was 10. You had automatic searching. You were stealthy. You had teleport control. Your luck was zero. You are dead. Vanquished creatures: a giant turtle 2 gelatinous cubes an ochre jelly a human mummy a quivering blob 2 giant spiders a scorpion a gnome king a dog 2 dust vortices a raven a snake a Woodland-elf a fire ant a bugbear a mountain nymph a fog cloud 2 yellow lights a violet fungus 11 gnome lords 5 gnomish wizards a red naga hatchling a barrow wight 3 elf zombies 2 wax golems a baby crocodile 2 giant ants a floating eye 19 dwarves 2 kobold lords a monkey 2 orc zombies 4 dwarf zombies a wererat an iguana an acid blob 2 coyotes a gas spore 5 hobbits a large kobold 2 hobgoblins 5 giant rats a cave spider a brown mold a yellow mold 81 gnomes 5 geckos a jackal a fox 6 goblins a sewer rat 4 grid bugs 3 lichens 7 kobold zombies 5 newts 214 creatures vanquished. Voluntary challenges: You followed a strict vegan diet. You used a wielded weapon 160 times. You read items or engraved 12 times. You put on armor 12 times. You never genocided any monsters. You never polymorphed an object. You changed form 1 time. You used no wishes. You wrote Elbereth's name 5 times. You never encountered a bones level. You never used any Sokoban shortcuts. Dungeon overview: The Dungeons of Doom: levels 1 to 2 Level 1 some altars a long staircase Level 2 a general store stairs to The Gnomish Mines The Gnomish Mines: levels 3 to 10 Level 3 stairs to The Dungeons of Doom Level 5 many shops, a temple, a magic chest, some fountains, some trees Level 10 <- You were here History has recorded: On T:1 you entered the Dungeons of Doom to retrieve the Amulet of Yendor! On T:634 you advanced to experience level 2. On T:1070 you reached level 2 of The Dungeons of Doom. On T:1180 you advanced to experience level 3. On T:1525 you advanced to experience level 4. On T:1705 you reached level 1 of The Gnomish Mines. On T:2248 you advanced to experience level 5. On T:2681 you advanced to experience level 6. On T:2818 you reached level 2 of The Gnomish Mines. On T:3105 you advanced to experience level 7. On T:3312 you reached level 3 of The Gnomish Mines. On T:3910 you reached level 4 of The Gnomish Mines. On T:4441 you reached level 5 of The Gnomish Mines. On T:4447 you reached level 6 of The Gnomish Mines. On T:4525 you advanced to experience level 8. On T:5071 you reached level 7 of The Gnomish Mines. On T:5492 you reached level 8 of The Gnomish Mines. On T:5773 you advanced to experience level 9. Latest messages: Pick an object. A human ranger called Frig on the floor of a room. The dwarf zombie rises from the dead! You hit the dwarf zombie! You destroy the dwarf zombie! You displaced your large cat. You see here a rotten dwarf zombie corpse. The large cat misses the mountain centaur. You write "Elbereth" with your fingers into the dust. The mountain centaur swings her magical thonged club. The magical thonged club drains your life! Goodbye level 9. The mountain centaur kicks! The mountain centaur misses. The large cat bites the mountain centaur. The mountain centaur swings her thirsty thonged club at the large cat. The mountain centaur misses the large cat. The mountain centaur hits the large cat. (2x) The mountain centaur swings her thirsty thonged club. The thirsty thonged club drains your life! Goodbye level 8. You die... Final status: Goodbye Frig the Ranger... You died in The Gnomish Mines on dungeon level 10 with 1796 points, and 504 pieces of gold, after 6678 moves. You were level 7 with a maximum of 40 hit points when you died.